 Dungeon Crawl Stone Soup version 0.20-a0-299-gec7c366 (webtiles) character file.

114 tboon the Skirmisher (level 4, -1/38 HPs)
             Began as a Demigod Fighter on Dec 15, 2016.
             Slain by an orc
             ... wielding a +0 war axe
              (6 damage)
             ... on level 3 of the Dungeon.
             The game lasted 00:04:40 (2435 turns).

tboon the Skirmisher (Demigod Fighter)              Turns: 2435, Time: 00:04:40

Health: -1/38      AC:  6    Str: 19    XL:     4   Next: 41%
Magic:  6/6        EV:  7    Int: 12    God:
Gold:   48         SH:  9    Dex: 17    Spells: 3/3 levels left

rFire  . . .     SeeInvis .     a - +0 war axe
rCold  . . .     Gourm    .     b - +0 scale mail
rNeg   . . .     Faith    .     c - +0 shield
rPois  .         Spirit   .     (no helmet)
rElec  .         Reflect  .     (no cloak)
rCorr  .         Harm     .     (no gloves)
MR     .....                    (no boots)
Stlth  ..........               (no amulet)
                                (no ring)
                                (no ring)

@: no status effects
A: high mp 1
a: no special abilities


You were on level 3 of the Dungeon.
You were not hungry.

You visited 1 branch of the dungeon, and saw 3 of its levels.

You collected 48 gold pieces.

Inventory:

Hand Weapons
 a - a +0 war axe (weapon)
Missiles
 u - 2 curare-tipped needles
Armour
 b - a +0 scale mail (worn)
 c - a +0 shield (worn)
Jewellery
 p - an uncursed ring of resist corrosion {unknown}
   (You found it on level 2 of the Dungeon)
Scrolls
 d - a scroll of enchant armour {unknown}
 e - a scroll of enchant weapon {unknown}
 g - 2 scrolls of identify {unknown}
 h - 3 scrolls of teleportation {unknown}
 i - a scroll of random uselessness {unknown}
 k - a scroll of blinking {unknown}
 l - 2 scrolls of immolation {unknown}
Potions
 j - a potion of haste {unknown}
 m - a potion of invisibility {unknown}
 n - a potion of ambrosia {unknown}
 o - 2 potions of lignification {unknown}
 q - a potion of cure mutation {unknown}
 s - 2 potions of heal wounds {unknown}
 t - a potion of curing {unknown}
 v - a potion of flight {unknown}
Comestibles
 f - 2 bread rations
 r - a chunk of flesh


   Skills:
 + Level 3.3 Fighting
 * Level 2.9 Axes
 + Level 3.1 Armour
 + Level 1.1 Dodging
 + Level 3.1 Shields


You had 3 spell levels left.
You didn't know any spells.

Dungeon Overview and Level Annotations

Branches:
Dungeon (3/15)


Innate Abilities, Weirdness & Mutations

You have an increased reservoir of magic. (+10% MP)


Message History

You are poisoned.
You have difficulty breathing.
You feel yourself slow down.
You see here a curare-tipped needle.
You feel sick.
You feel sick.
You feel sick.
You feel sick.
You feel sick.
The kobold unwields an uncursed blowgun.
The kobold wields an uncursed club.
The kobold hits you but does no damage.
You slash the kobold!
You kill the kobold!
You feel sick.
u - a curare-tipped needle
Things that are here:
an uncursed club; an uncursed blowgun You feel sick.
You feel yourself speed up.
u - 2 curare-tipped needles (gained 1)
You feel sick.
Things that are here:
an uncursed club; an uncursed blowgun You feel sick.
Some of the chunks of flesh in your inventory have rotted away.
You feel sick.
You are no longer poisoned.
You now have 43 gold pieces (gained 4).
You start resting.
Eating one of 5 chunks of flesh.
You start eating one of the 5 chunks of flesh.
You are feeling hungry.
This raw flesh tastes terrible.
You start resting.
Some of the chunks of flesh in your inventory have rotted away.
HP restored.
You now have 48 gold pieces (gained 5).
v - a bubbling orange potion All of the chunks of flesh in your inventory have rotted away.
A bat comes into view.
The bat hits you but does no damage. You block the bat's attack. x2
You hit the bat.
The bat is severely wounded.
You block the bat's attack. The bat barely misses you.
The bat closely misses you.
Your shield prevents you from hitting the bat.
The bat is severely wounded.
You block the bat's attack. The bat hits you but does no damage.
The bat barely misses you.
You miss the bat.
The bat is severely wounded.
You block the bat's attack.
No target in view!
You block the bat's attack. The bat barely misses you.
You slash the bat!
You kill the bat!
No target in view!
No target in view!
You see here a bat corpse.
You butcher the bat corpse.
r - a chunk of flesh An orc wizard comes into view.
It is wielding a dagger.
The orc wizard shouts!
An orc comes into view. It is wielding a hand axe.
The orc wizard hits you with a dagger.
You completely miss the orc wizard.
The orc wizard gestures at you while chanting.
The puff of flame hits you! The orc wizard barely misses you.
An orc comes into view. It is wielding a war axe.
You barely miss the orc wizard.
The orc shouts!
The orc wizard gestures at you while chanting.
The magic dart hits you!
You closely miss the orc wizard. The orc wizard closely misses you.
You block the orc wizard's attack.
Your shield and scale mail prevent you from hitting the orc wizard.
The orc wizard hits you with a dagger.
You closely miss the orc wizard. You block the orc wizard's attack.
The orc wizard completely misses you.
You closely miss the orc wizard.
The orc wizard points at you and mumbles some strange words.
The magic dart hits you!
You closely miss the orc wizard.
The orc wizard hits you but does no damage.
The orc wizard gestures at you while chanting.
The puff of frost hits you!
* * * LOW HITPOINT WARNING * * *
You closely miss the orc wizard. You block the orc wizard's attack.
You barely miss the orc wizard.
The orc wizard hits you but does no damage.
You closely miss the orc. You barely miss the orc wizard.
You block the orc's attack.
The orc wizard looks braver for a moment.
Your shield and scale mail prevent you from hitting the orc wizard.
You closely miss the orc. The orc hits you with a war axe.
* * * LOW HITPOINT WARNING * * *
The orc wizard hits you but does no damage.
You closely miss the orc wizard. You barely miss the orc.
You block the orc wizard's attack. The orc hits you with a war axe.
You die...

#####
oo....#####
#$......oo#
....#.###@#
# # #.# #.#
?. . #.#
.#.# #.####
#.#.#
#....#
....#
####.#
....# #.#
..#.##.
####.#


You could see an orc wizard and an orc.

Vanquished Creatures
  Terence (D:3)
  3 adders
  2 oozes
  3 worms (D:2)
  2 dart slugs (D:1)
  2 leopard geckos
  2 giant cockroaches (D:2)
  6 goblins
  5 hobgoblins
  2 ball pythons (D:1)
  6 bats
  5 kobolds
  4 rats
43 creatures vanquished.

Notes
Turn   | Place    | Note
-------+----------+-------------------------------------------
     0 | D:1      | tboon the Demigod Fighter began the quest for the Orb.
     0 | D:1      | Reached XP level 1. HP: 18/18 MP: 3/3
   212 | D:1      | Reached XP level 2. HP: 25/25 MP: 4/4
   244 | D:1      | Reached skill level 3 in Fighting
   570 | D:1      | Reached skill level 2 in Axes
   687 | D:1      | Reached skill level 3 in Armour
  1229 | D:2      | Reached XP level 3. HP: 23/31 MP: 5/5
  1800 | D:2      | Reached skill level 1 in Dodging
  2130 | D:3      | Noticed Terence
  2133 | D:3      | Killed Terence
  2133 | D:3      | Reached skill level 3 in Shields
  2133 | D:3      | Reached XP level 4. HP: 37/38 MP: 6/6
  2430 | D:3      | HP: 8/38 [orc wizard/puff of frost (6)]
  2435 | D:3      | Slain by an orc

Vault maps used:
D:1:      roderic_crossed_star, minivault_26
D:2:      first_bread
D:3:      nicolae_ru_great_annihilating_truth, nicolae_underground_beach,
          uniq_terence, uniq_jessica

Skill      XL: |  1  2  3 |
---------------+----------+-----
Fighting       | 3 |  3.3
Axes           | 2 |  2.9
Armour         | 3 |  3.1
Dodging        | 1 |  1.1
Shields        | 3 |  3.1

Action                   |  1- 3 |  4- 6 || total
-------------------------+-------+-------++-------
Melee: War axe           |   134 |    21 ||   155
  Use: Potion            |     1 |       ||     1
  Eat: Chunk             |     4 |     1 ||     5
Armor: Scale mail        |    40 |     5 ||    45
Dodge: Dodged            |    32 |     9 ||    41
Block: Shield            |    74 |    12 ||    86

Vault maps used:
D:1:      roderic_crossed_star, minivault_26
D:2:      first_bread
D:3:      nicolae_ru_great_annihilating_truth, nicolae_underground_beach,
          uniq_terence, uniq_jessica

Table legend:
 A = Turns spent in this place as a percentage of turns spent in the entire game.
 B = Non-inter-level travel turns spent in this place as a percentage of non-inter-level travel turns spent in the entire game.
 C = Inter-level travel turns spent in this place as a percentage of turns spent in this place.
 D = Turns resting spent in this place as a percentage of non-inter-level travel turns spent in this place.
 E = Turns spent auto-exploring this place as a percentage of non-inter-level travel turns spent in this place.
 F = Non-inter-level travel turns spent in this place divided by the number of levels of this place that you've seen.
                   A       B       C       D       E      F
               +-------+-------+-------+-------+-------+----------------------
         Total | 100.0 | 100.0 |   0.4 |   3.6 |  16.0 | 150.0
       Dungeon | 100.0 | 100.0 |   0.4 |   3.6 |  16.0 | 150.0
               +-------+-------+-------+-------+-------+----------------------

Table legend:
 A = Kills in this place as a percentage of kills in entire the game.
 B = Kills by you in this place as a percentage of kills by you in the entire game.
 C = Kills by friends in this place as a percentage of kills by friends in the entire game.
 D = Other kills in this place as a percentage of other kills in the entire game.
 E = Experience gained in this place as a percentage of experience gained in the entire game.
 F = Experience gained in this place divided by the number of levels of this place that you have seen.
                   A       B       C       D       E      F
               +-------+-------+-------+-------+-------+----------------------
         Total | 100.0 | 100.0 |  -nan |  -nan | 100.0 |  54.7
       Dungeon | 100.0 | 100.0 |  -nan |  -nan | 100.0 |  54.7
               +-------+-------+-------+-------+-------+----------------------
